General information
- name: BNet
- type: Ladder team game (AT/RT)
- host: Battle.net
- saver: FactoryShowroom
map: DragonFalls
- players: 8
- length: 23:50
- speed: Fast
- version: 1.26 W3XP
- replay type: Public
» download(134 KB)
Players
team 1 (loser)

»
FactoryShowroom (
green | 66 APM | 1568 actions | 23:50)
6 Death Knight
3 Death Coil
2 Unholy Aura
1 Animate Dead
6 Lich
3 Frost Nova
2 Frost Armor
1 Death and Decay
» actions
| Assign group hotkey | 35 | |
| Basic commands | 57 | |
| Build / train | 75 | |
| Enter build submenu | 19 | |
| Enter hero's abilities submenu | 12 | |
| Give item / drop item | 1 | |
| Right click | 829 | |
| Select / deselect | 279 | |
| Select group hotkey | 181 | |
| Use ability | 80 | |
1568 total
» units
| Acolyte | 11 | |
| Ghoul | 5 | |
| Crypt Fiend | 14 | |
| Obsidian Statue | 6 | |
| Frost Wyrm | 4 | |
40 total
» upgrades
| Creature Attack | 3 | |
| Creature Carapace | 3 | |
| Web | 1 | |
7 total
» buildings
| Graveyard | 1 | |
| Crypt | 1 | |
| Ziggurat | 7 | |
| Altar of Darkness | 1 | |
| Tomb of Relics | 1 | |
| Nerubian Tower | 1 | |
| Halls of the Dead | 1 | |
| Slaughterhouse | 1 | |
| Spirit Tower | 3 | |
| Black Citadel | 1 | |
| Sacrificial Pit | 1 | |
| Boneyard | 1 | |
20 total
» build order
00:06 Graveyard
00:08 Crypt
00:39 Ziggurat
00:57 Altar of Darkness
01:45 Tomb of Relics
02:02 Ziggurat
02:14 Nerubian Tower
03:49 Halls of the Dead
04:17 Ziggurat
05:45 Ziggurat
06:46 Slaughterhouse
07:58 Spirit Tower
08:41 Black Citadel
10:15 Sacrificial Pit
10:46 Spirit Tower
11:28 Boneyard
11:39 Ziggurat
13:23 Ziggurat
13:25 Ziggurat
15:47 Spirit Tower
» items
| Rod of Necromancy | 1 | |
| Dust of Appearance | 3 | |
| Potion of Healing | 2 | |
| Orb of Corruption | 1 | |
| Scroll of Town Portal | 1 | |
8 total
i_love_mortar (
pink | 16 APM | 301 actions | 19:16)
2 Blood Mage
1 Flame Strike
1 Banish
» actions
| Basic commands | 10 | |
| Build / train | 32 | |
| Enter build submenu | 22 | |
| Enter hero's abilities submenu | 2 | |
| Remove unit from queue | 1 | |
| Right click | 97 | |
| Select / deselect | 101 | |
| Use ability | 36 | |
301 total
» units
| Peasant | 4 | |
| Footman | 11 | |
| Rifleman | 5 | |
20 total
» buildings
| Barracks | 1 | |
| Altar of Kings | 1 | |
| Farm | 7 | |
| Scout Tower | 9 | |
| Lumber Mill | 1 | |
| Guard Tower | 7 | |
| Keep | 1 | |
| Blacksmith | 1 | |
| Workshop | 1 | |
29 total
» build order
00:13 Barracks
00:22 Altar of Kings
01:20 Farm
02:04 Farm
02:48 Farm
05:05 Scout Tower
05:10 Scout Tower
06:16 Lumber Mill
07:38 Guard Tower
07:39 Guard Tower
07:44 Scout Tower
07:47 Keep
10:15 Guard Tower
10:27 Blacksmith
11:28 Scout Tower
12:05 Guard Tower
12:11 Scout Tower
12:40 Workshop
12:46 Guard Tower
12:52 Scout Tower
13:07 Farm
13:16 Farm
14:04 Farm
14:08 Farm
14:56 Scout Tower
15:23 Scout Tower
16:37 Guard Tower
16:49 Guard Tower
18:25 Scout Tower
dooiiii (
purple | 23 APM | 23 actions | 00:59)
» actions
| Basic commands | 1 | |
| Build / train | 3 | |
| Enter build submenu | 3 | |
| Right click | 8 | |
| Select / deselect | 5 | |
| Use ability | 3 | |
23 total
» units
» buildings
| Farm | 1 | |
| Barracks | 1 | |
| Altar of Kings | 1 | |
3 total
» build order
00:14 Farm
00:33 Barracks
00:54 Altar of Kings

»
defenseur (
red | 39 APM | 515 actions | 13:20)
2 Blademaster
1 Wind Walk
1 Critical Strike
2 Paladin
1 Holy Light
1 Divine Shield
1 Shadow Hunter
1 Healing Wave
» actions
| Basic commands | 3 | |
| Build / train | 45 | |
| ESC pressed | 1 | |
| Enter build submenu | 16 | |
| Enter hero's abilities submenu | 5 | |
| Give item / drop item | 1 | |
| Right click | 189 | |
| Select / deselect | 201 | |
| Use ability | 54 | |
515 total
» units
| Peon | 7 | |
| Footman | 8 | |
| Peasant | 8 | |
| Wind Rider | 2 | |
25 total
» buildings
| Altar of Storms | 1 | |
| Orc Burrow | 3 | |
| Lumber Mill | 1 | |
| Farm | 2 | |
| Voodoo Lounge | 1 | |
| Scout Tower | 1 | |
| Stronghold | 1 | |
| Arcane Tower | 1 | |
| Arcane Vault | 1 | |
| Keep | 1 | |
| Beastiary | 2 | |
| Fortress | 1 | |
| War Mill | 1 | |
| Blacksmith | 1 | |
18 total
» build order
00:34 Altar of Storms
00:39 Orc Burrow
02:06 Lumber Mill
02:35 Farm
03:22 Orc Burrow
03:26 Voodoo Lounge
04:19 Scout Tower
04:24 Stronghold
04:27 Orc Burrow
04:36 Arcane Tower
05:23 Arcane Vault
06:07 Farm
07:30 Keep
07:38 Beastiary
07:41 Beastiary
08:46 Fortress
08:53 War Mill
11:26 Blacksmith
» items
| Scroll of Speed | 1 | |
| Healing Salve | 1 | |
| Lesser Clarity Potion | 2 | |
| Scroll of Regeneration | 1 | |
| Potion of Healing | 2 | |
| Potion of Mana | 1 | |
8 total
team 2 (winner)
PandasMaster (
teal | 40 APM | 963 actions | 23:50)
3 Firelord
2 Summon Lava Spawn
1 Incinerate
4 Beastmaster
2 Summon Quilbeast
2 Summon Hawk
» actions
| Assign group hotkey | 3 | |
| Basic commands | 5 | |
| Build / train | 57 | |
| Enter build submenu | 25 | |
| Enter hero's abilities submenu | 7 | |
| Give item / drop item | 2 | |
| Remove unit from queue | 5 | |
| Right click | 501 | |
| Select / deselect | 256 | |
| Select group hotkey | 4 | |
| Use ability | 98 | |
963 total
» units
» upgrades
| Druid of the Talon Training | 2 | |
| Abolish Magic | 1 | |
| Strength of the Wild | 1 | |
| Reinforced Hides | 1 | |
5 total
» buildings
| Moon Well | 11 | |
| Altar of Elders | 4 | |
| Hunter's Hall | 1 | |
| Ancient of Wonders | 3 | |
| Tree of Ages | 1 | |
| Ancient Protector | 1 | |
| Tree of Eternity | 1 | |
| Tree of Life | 2 | |
| Ancient of Wind | 1 | |
| Ancient of Lore | 1 | |
26 total
» build order
00:23 Moon Well
00:54 Moon Well
01:06 Altar of Elders
01:16 Hunter's Hall
02:01 Moon Well
02:36 Ancient of Wonders
03:16 Tree of Ages
03:19 Ancient Protector
05:43 Tree of Eternity
05:57 Tree of Life
06:19 Ancient of Wind
06:23 Ancient of Lore
09:51 Moon Well
09:53 Moon Well
09:54 Moon Well
09:54 Moon Well
15:00 Altar of Elders
15:02 Moon Well
15:03 Moon Well
15:05 Moon Well
15:07 Altar of Elders
15:16 Tree of Life
15:24 Ancient of Wonders
16:01 Altar of Elders
16:03 Ancient of Wonders
16:05 Moon Well
» items
| Lesser Clarity Potion | 5 | |
| Potion of Healing | 5 | |
| Potion of Mana | 5 | |
| Potion of Lesser Invulnerability | 1 | |
| Boots of Speed | 1 | |
| Scroll of Town Portal | 4 | |
| Circlet of Nobility | 1 | |
| Periapt of Vitality | 1 | |
| Orb of Fire | 1 | |
| Staff of Teleportation | 1 | |
25 total
123qwe123qwe123 (
blue | 68 APM | 1625 actions | 23:50)
5 Archmage
3 Summon Water Elemental
2 Brilliance Aura
4 Blood Mage
2 Flame Strike
2 Banish
» actions
| Assign group hotkey | 32 | |
| Build / train | 95 | |
| Enter build submenu | 22 | |
| Enter hero's abilities submenu | 9 | |
| Give item / drop item | 1 | |
| Right click | 836 | |
| Select / deselect | 400 | |
| Select group hotkey | 144 | |
| Use ability | 86 | |
1625 total
» units
| Peasant | 12 | |
| Footman | 2 | |
| Rifleman | 11 | |
| Priest | 4 | |
| Knight | 5 | |
| Flying Machine | 11 | |
| Sorceress | 5 | |
50 total
» upgrades
| Gunpowder | 3 | |
| Armor | 3 | |
| Masonry | 3 | |
| Lumber Harvesting | 2 | |
| Long Rifles | 1 | |
| Priest Training | 2 | |
| Animal War Training | 1 | |
| Swords | 2 | |
| Flak Cannons | 1 | |
| Plating | 2 | |
| Flying Machine Bombs | 1 | |
| Sorceress Training | 1 | |
22 total
» buildings
| Farm | 12 | |
| Altar of Kings | 1 | |
| Barracks | 2 | |
| Blacksmith | 1 | |
| Keep | 1 | |
| Town Hall | 1 | |
| Arcane Vault | 1 | |
| Lumber Mill | 1 | |
| Castle | 1 | |
| Arcane Sanctum | 1 | |
| Workshop | 1 | |
23 total
» build order
00:40 Farm
00:44 Altar of Kings
01:11 Barracks
01:15 Farm
01:55 Farm
01:59 Blacksmith
02:22 Farm
02:52 Barracks
04:37 Keep
04:58 Town Hall
07:11 Arcane Vault
07:18 Lumber Mill
07:32 Farm
07:35 Farm
09:49 Castle
10:43 Arcane Sanctum
12:09 Farm
12:12 Farm
12:14 Farm
16:12 Workshop
16:16 Farm
18:33 Farm
19:38 Farm
» items
| Healing Salve | 1 | |
| Scroll of Regeneration | 2 | |
| Scroll of Town Portal | 2 | |
5 total
SuisivanazaH (
orange | 31 APM | 737 actions | 23:50)
6 Demon Hunter
3 Mana Burn
2 Evasion
1 Metamorphosis
» actions
| Assign group hotkey | 7 | |
| Basic commands | 38 | |
| Build / train | 63 | |
| Enter build submenu | 27 | |
| Enter hero's abilities submenu | 6 | |
| Give item / drop item | 2 | |
| Remove unit from queue | 10 | |
| Right click | 199 | |
| Select / deselect | 189 | |
| Select group hotkey | 156 | |
| Use ability | 40 | |
737 total
» units
| Wisp | 19 | |
| Chimaera | 3 | |
| Hippogryph | 6 | |
28 total
» upgrades
| Strength of the Wild | 3 | |
| Reinforced Hides | 3 | |
| Nature's Blessing | 1 | |
| Corrosive Breath | 1 | |
| Ultravision | 1 | |
| Well Spring | 1 | |
10 total
» buildings
| Moon Well | 8 | |
| Tree of Life | 2 | |
| Altar of Elders | 1 | |
| Hunter's Hall | 1 | |
| Tree of Ages | 1 | |
| Tree of Eternity | 1 | |
| Ancient of Wind | 3 | |
| Chimaera Roost | 5 | |
| Ancient of Wonders | 1 | |
| Ancient Protector | 5 | |
28 total
» build order
00:20 Moon Well
01:28 Tree of Life
01:47 Moon Well
02:01 Altar of Elders
03:10 Hunter's Hall
04:44 Tree of Ages
04:47 Moon Well
05:45 Moon Well
06:38 Moon Well
07:05 Tree of Eternity
07:29 Ancient of Wind
07:34 Moon Well
08:30 Moon Well
08:38 Ancient of Wind
09:28 Moon Well
09:58 Chimaera Roost
10:00 Chimaera Roost
10:02 Chimaera Roost
10:05 Chimaera Roost
10:07 Chimaera Roost
10:21 Ancient of Wonders
11:51 Ancient Protector
12:06 Ancient Protector
12:42 Ancient Protector
12:48 Ancient Protector
13:30 Ancient Protector
20:42 Tree of Life
21:02 Ancient of Wind
» items
| Scroll of Town Portal | 5 | |
| Orb of Venom | 1 | |
6 total
XyuBulLbJnikov (
yellow | 89 APM | 2114 actions | 23:50)
3 Blademaster
2 Wind Walk
1 Critical Strike
2 Shadow Hunter
1 Hex
1 Healing Wave
» actions
| Assign group hotkey | 30 | |
| Basic commands | 90 | |
| Build / train | 111 | |
| Enter build submenu | 15 | |
| Enter hero's abilities submenu | 5 | |
| Give item / drop item | 4 | |
| Right click | 1013 | |
| Select / deselect | 297 | |
| Select group hotkey | 447 | |
| Use ability | 102 | |
2114 total
» units
» upgrades
» buildings
| Altar of Storms | 1 | |
| Orc Burrow | 5 | |
| Voodoo Lounge | 1 | |
| War Mill | 1 | |
| Watch Tower | 2 | |
| Stronghold | 3 | |
| Fortress | 3 | |
| Beastiary | 4 | |
| Great Hall | 1 | |
21 total
» build order
00:04 Altar of Storms
00:07 Orc Burrow
00:33 Voodoo Lounge
00:58 War Mill
02:25 Orc Burrow
03:31 Watch Tower
03:33 Stronghold
03:33 Stronghold
04:22 Watch Tower
04:30 Orc Burrow
05:36 Orc Burrow
06:16 Fortress
06:16 Fortress
06:17 Fortress
06:18 Beastiary
06:21 Beastiary
06:30 Beastiary
17:51 Beastiary
21:44 Orc Burrow
22:52 Great Hall
» items
| Lesser Clarity Potion | 7 | |
| Healing Salve | 4 | |
| Scroll of Speed | 1 | |
| Tiny Great Hall | 3 | |
| Orb of Lightning | 2 | |
| Potion of Healing | 3 | |
| Scroll of Town Portal | 4 | |
| Potion of Mana | 4 | |
28 total
Chat log
(00:08 / Allies) i_love_mortar: iseedeadpeople
(00:18 / Allies) i_love_mortar: andlivingpeople
(00:23 / Allies) dooiiii: idiot that cheat does not work
(00:26 / Allies) dooiiii: you a noob
(00:29 / Allies) i_love_mortar: ik
(00:38 / Allies) i_love_mortar: I know they don't work, i really seedeadpeople
(00:43 / Allies) i_love_mortar: in my ass
(00:48 / Allies) dooiiii: say another stupid thing
(00:56 / Allies) i_love_mortar: Sure, you are good at this game.
(00:58 / Allies) dooiiii: dont play with idiots
(01:01 / Allies) FactoryShowroom: lol
(01:05 / All) 123qwe123qwe123: fail leaver
(01:05 / Allies) i_love_mortar: xD
(01:33 / All) FactoryShowroom: pink said he sees dead people which was offensive to purples religion
(01:45 / Allies) i_love_mortar: :OOOOOOO lol
(01:48 / All) 123qwe123qwe123: what? LOL
(01:49 / All) SuisivanazaH: lol
(01:50 / All) PandasMaster: -_-
(02:19 / All) SuisivanazaH: very weird people play wc...
(02:29 / All) FactoryShowroom: agreed
(02:30 / All) i_love_mortar: Ik, like me
(03:51 / All) i_love_mortar: thx green
(04:10 / All) PandasMaster: noob red :p
(04:19 / All) i_love_mortar: i'm noob
(13:30 / All) PandasMaster: so easy
(13:33 / All) PandasMaster: didn't even make units -_-
(13:38 / All) PandasMaster: 6k gold
(13:39 / All) PandasMaster: noobs
(13:40 / All) FactoryShowroom: congrats
(13:43 / All) FactoryShowroom: is it your first win
(13:50 / All) i_love_mortar: mine?
(14:06 / All) PandasMaster: lol
(14:06 / All) PandasMaster: --'
(14:13 / All) 123qwe123qwe123: red = noob
(14:15 / All) i_love_mortar: my second IF we win, :P
(14:40 / All) i_love_mortar: Yay i'm not a noob! Wait a second... I am!
(14:49 / All) SuisivanazaH: teal no unit! lol
(14:57 / All) PandasMaster: didn't need
(14:58 / All) PandasMaster: idiot
(14:59 / All) i_love_mortar: Idk what teal is
(15:10 / All) i_love_mortar: is it spaghetti?
(15:48 / All) 123qwe123qwe123: pink is good prayer
(15:49 / All) PandasMaster: look at this idiot nxD
(16:37 / All) PandasMaster: lol
(16:41 / All) PandasMaster: you are so useless..
(16:51 / All) i_love_mortar: me?
(16:57 / All) PandasMaster: oranfe
(16:59 / All) PandasMaster: tking
(17:11 / All) i_love_mortar: Dang, why am i not unuseless?!
(17:23 / All) i_love_mortar: Usally i get called unuseless
(17:35 / All) PandasMaster: and then
(17:37 / All) PandasMaster: noob orange
(17:41 / All) PandasMaster: you got chims and no aa
(17:50 / All) PandasMaster: if the ennmis wasn't shit you would be dead
(17:52 / All) SuisivanazaH: i love tk noob^^
(18:39 / All) i_love_mortar: Lol not gonna do anything anymore :P
(18:49 / All) i_love_mortar: Just gonna watch me fail
(18:56 / All) PandasMaster: noob
(19:13 / All) i_love_mortar: well i CANT do anything, but Pandas are noobs their fat liek you dick suck ma ballz
(20:00 / All) PandasMaster: get gold mine
(20:01 / All) PandasMaster: idiot
(20:05 / All) PandasMaster: 5k gold in
(22:41 / All) PandasMaster: leave
(23:30 / All) 123qwe123qwe123: wp green, wp